[Event "Titled Tuesday Blitz May 23 Early 2023"]
[White "Gurevich, Dmitry"]
[Black "Zaichenko, Daria"]
[WhiteFideId "2000407"]
[BlackFideId "4197453"]
[WhiteElo "2506"]
[BlackElo "2039"]
[Result "0-1"]
[Round "08"]
[TimeControl "180+2"]
[Date "2023.05.23"]
[WhiteClock "0:00:07"]
[BlackClock "0:00:14"]

1. d4 d5 2. c4 e6 3. Nc3 Be7 4. Nf3 Nf6 5. g3 O-O 6. Bg2 Ne4 7. O-O f5 8. Qc2 c6 9. Rb1 Nd7 10. b4 Ndf6 11. b5 Bd7 12. bxc6 bxc6 13. Ne5 Be8 14. Na4 Rb8 15. Bf4 Rxb1 16. Rxb1 g5 17. Bc1 h6 18. f3 Nd6 19. Nc5 Bf7 20. Nxf7 Kxf7 21. cxd5 cxd5 22. Be3 Nc4 23. Bc1 Bxc5 24. dxc5 Qa5 25. Rb7+ Kg6 26. e4 Qxc5+ 27. Kh1 fxe4 28. fxe4 Ng4 29. exd5+ Rf5 30. h3 Nf2+ 31. Kh2 exd5 32. g4 Qd6+ 33. Kg1 Nxh3+ 34. Bxh3 Qg3+ 35. Qg2 Qe1+ 36. Kh2 Rf2 37. Bb2 Rxg2+ 38. Kxg2 Nxb2 39. Rxb2 Qe4+ 40. Kg1 Qd4+ 41. Rf2 Qd1+ 42. Kg2 d4 43. Kg3 d3 44. Bg2 Qa4 45. Rf5 d2 0-1


[Site "https://www.chess.com"]

[Event "Titled Tuesday Blitz May 23 Early 2023"]
[White "Rosh Jain"]
[Black "Toktomushev, Teimur"]
[WhiteFideId "25789465"]
[BlackFideId "14176726"]
[WhiteElo "2233"]
[BlackElo "2116"]
[Result "1-0"]
[Round "08"]
[TimeControl "180+2"]
[Date "2023.05.23"]
[WhiteClock "0:00:35"]
[BlackClock "0:00:02"]

1. e4 c5 2. Nc3 e6 3. Nge2 a6 4. g3 b5 5. Bg2 Bb7 6. O-O Nf6 7. d4 cxd4 8. Nxd4 b4 9. Na4 Bxe4 10. Bxe4 Nxe4 11. Be3 Be7 12. Qg4 Ng5 13. h4 f5 14. Qh5+ Nf7 15. Rad1 Qc7 16. Qf3 Nc6 17. Nb6 Rd8 18. Nb3 O-O 19. Qe2 d5 20. Na4 e5 21. Bb6 Qb7 22. Bxd8 Rxd8 23. Nac5 Qb5 24. Qxb5 axb5 25. Ne6 Rd7 26. Nbc5 Rd6 27. Nc7 d4 28. Nb3 e4 29. Nxb5 Rd5 30. N5xd4 Nxd4 31. Rxd4 Rxd4 32. Nxd4 Bf6 33. Nxf5 Bxb2 34. Rb1 Bc3 35. Ne7+ Kf8 36. Nd5 Bd2 37. Nxb4 Ne5 38. a4 Nc4 39. Nc6 e3 40. fxe3 Bxe3+ 41. Kg2 Kf7 42. a5 Ke6 43. a6 Kd6 44. a7 Nb6 45. Rxb6 1-0


[Site "https://www.chess.com"]

[Event "Titled Tuesday Blitz May 23 Early 2023"]
[White "Kovalevsky, Stanislav"]
[Black "Antonio, Jorge Carlos"]
[WhiteFideId "13508598"]
[BlackFideId "113190"]
[WhiteElo "2174"]
[BlackElo "2247"]
[Result "1-0"]
[Round "08"]
[TimeControl "180+2"]
[Date "2023.05.23"]
[WhiteClock "0:00:30"]
[BlackClock "0:00:00"]

1. c4 d6 2. Nc3 e5 3. g3 c6 4. Bg2 f5 5. b4 Nf6 6. b5 Bd7 7. a4 Be7 8. Qb3 O-O 9. d3 Kh8 10. bxc6 Bxc6 11. Bxc6 Nxc6 12. Qxb7 Nd4 13. Qb1 Rb8 14. Qa2 Nb3 15. Rb1 Nxc1 16. Rxc1 d5 17. cxd5 Bb4 18. Kf1 Bxc3 19. Rxc3 Nxd5 20. Rc5 Nb4 21. Qc4 e4 22. d4 f4 23. Nh3 fxg3 24. hxg3 e3 25. f3 Na6 26. Qxa6 Qxd4 27. Rh5 Rb6 28. Qd3 Rxf3+ 29. Kg2 Qxd3 30. exd3 Rff6 31. Re1 Rb2+ 32. Kg1 e2 33. Re5 Rf3 34. Re8+ 1-0


[Site "https://www.chess.com"]

[Event "Titled Tuesday Blitz May 23 Early 2023"]
[White "Pinto, Daniel"]
[Black "Nugumanov, Bakhtiyar"]
[WhiteFideId "3303144"]
[BlackFideId "13701797"]
[WhiteElo "2145"]
[BlackElo "2209"]
[Result "0-1"]
[Round "08"]
[TimeControl "180+2"]
[Date "2023.05.23"]
[WhiteClock "0:00:23"]
[BlackClock "0:01:31"]

1. e4 e6 2. d4 d5 3. Nd2 Be7 4. Ngf3 Nf6 5. Bd3 c5 6. dxc5 dxe4 7. Nxe4 Nxe4 8. Bxe4 Qxd1+ 9. Kxd1 Bxc5 10. Ke2 O-O 11. c3 Nd7 12. b4 Bb6 13. c4 Nf6 14. Bc2 Bc7 15. Bb2 b6 16. Rhd1 Bb7 17. Ng5 h6 18. Bxf6 hxg5 19. Bxg5 Bxg2 20. Rd7 Be5 21. Rg1 Bc6 22. Rd3 Be4 23. Re3 Bxc2 24. Rxe5 f6 0-1


[Site "https://www.chess.com"]

[Event "Titled Tuesday Blitz May 23 Early 2023"]
[White "Sargissyan, Sargis"]
[Black "Jaivardhan Raj"]
[WhiteFideId "13303210"]
[BlackFideId "25744437"]
[WhiteElo "2109"]
[BlackElo "1772"]
[Result "1/2-1/2"]
[Round "08"]
[TimeControl "180+2"]
[Date "2023.05.23"]
[WhiteClock "0:00:55"]
[BlackClock "0:00:09"]

1. e4 c5 2. Nf3 e6 3. d4 cxd4 4. Nxd4 Nc6 5. Nc3 Qc7 6. f4 a6 7. Nxc6 bxc6 8. Bd3 Bb4 9. O-O Nf6 10. e5 Nd5 11. Ne4 Be7 12. c4 Qb6+ 13. Kh1 Ne3 14. Bxe3 Qxe3 15. Rf3 Qb6 16. Qc2 c5 17. f5 exf5 18. Rxf5 d5 19. exd6 Bxf5 20. dxe7 Kxe7 21. Re1 Be6 22. Qf2 h6 23. b4 Qxb4 24. Rb1 Qxc4 25. Bxc4 Rhd8 1/2-1/2


[Site "https://www.chess.com"]

[Event "Titled Tuesday Blitz May 23 Early 2023"]
[White "Saya, Ethan"]
[Black "Melikhov, Evgeny V."]
[WhiteFideId "26095181"]
[BlackFideId "4122046"]
[WhiteElo "2164"]
[BlackElo "2158"]
[Result "0-1"]
[Round "08"]
[TimeControl "180+2"]
[Date "2023.05.23"]
[WhiteClock "0:00:31"]
[BlackClock "0:00:38"]

1. d4 Nf6 2. c4 e6 3. Nc3 Bb4 4. Bd2 O-O 5. Nf3 d5 6. e3 Nc6 7. cxd5 Nxd5 8. Bd3 Nf6 9. O-O Bd6 10. e4 e5 11. d5 Ne7 12. Nb5 Ng6 13. Nxd6 cxd6 14. Rc1 h6 15. Qc2 Nh5 16. Rfe1 Bg4 17. Be2 Nhf4 18. Bxf4 Nxf4 19. h3 Nxe2+ 20. Qxe2 Bxf3 21. Qxf3 Rc8 22. Qf5 g6 23. Qg4 h5 24. Qe2 Qb6 25. b3 Rc5 26. Rxc5 Qxc5 27. Qe3 Qxe3 28. Rxe3 Rc8 29. Re2 f5 30. f3 f4 31. Kf2 g5 32. Ke1 Kf7 33. Kd1 g4 34. hxg4 hxg4 35. Re1 gxf3 36. gxf3 Rc3 37. Rh1 Rxf3 38. Rh7+ Kf6 39. Rxb7 Re3 40. Rxa7 f3 41. Ra8 Kf7 42. Ra7+ Kg6 43. Ra8 f2 44. Rf8 Re1+ 45. Kd2 f1=Q 46. Rxf1 Rxf1 47. a4 Kg5 48. a5 Ra1 49. b4 Kf4 50. Kc3 Kxe4 51. Kb2 Rh1 52. a6 Kxd5 53. a7 Rh8 54. b5 Kc5 55. b6 Kxb6 56. a8=Q Rxa8 0-1


[Site "https://www.chess.com"]

[Event "Titled Tuesday Blitz May 23 Early 2023"]
[White "Topalov, Aleksandar"]
[Black "Janaszak, Dawid"]
[WhiteFideId "925659"]
[BlackFideId "1119206"]
[WhiteElo "2151"]
[BlackElo "2220"]
[Result "0-1"]
[Round "08"]
[TimeControl "180+2"]
[Date "2023.05.23"]
[WhiteClock "0:02:03"]
[BlackClock "0:02:06"]

1. b3 c5 2. Bb2 Nc6 3. Nf3 d6 4. d4 cxd4 5. Nxd4 e5 6. Nxc6 bxc6 7. c4 Nf6 8. g3 Bg4 9. Bg2 Qd7 10. h3 Bf5 11. c5 d5 12. Bxe5 Bxc5 13. g4 Bg6 14. O-O h5 15. g5 Ne4 16. Bxg7 Rg8 17. Bf6 Nxf6 18. gxf6 Be4 0-1


[Site "https://www.chess.com"]

[Event "Titled Tuesday Blitz May 23 Early 2023"]
[White "Yurasova, Daria"]
[Black "Jiganchine, Roman"]
[WhiteFideId "34146919"]
[BlackFideId "2603667"]
[WhiteElo "2109"]
[BlackElo "2301"]
[Result "1-0"]
[Round "08"]
[TimeControl "180+2"]
[Date "2023.05.23"]
[WhiteClock "0:00:13"]
[BlackClock "0:00:03"]

1. d4 d5 2. Nf3 Nf6 3. Bf4 c5 4. e3 e6 5. Nbd2 Nc6 6. c3 Bd6 7. Bg3 O-O 8. Bd3 Qe7 9. O-O e5 10. dxe5 Nxe5 11. Nxe5 Bxe5 12. Bxe5 Qxe5 13. Nf3 Qh5 14. Be2 Bd7 15. Qc2 Bc6 16. Rad1 Rfe8 17. Nd4 Qg6 18. Qxg6 hxg6 19. Nxc6 bxc6 20. Bf3 c4 21. b3 cxb3 22. axb3 a5 23. c4 Reb8 24. cxd5 cxd5 25. Rd3 Rb5 26. Ra1 Rab8 27. h4 Rxb3 28. Rxb3 Rxb3 29. Rxa5 Rb1+ 30. Kh2 Rb2 31. Kg3 Ne4+ 32. Bxe4 dxe4 33. Ra4 f5 34. Ra5 Kh7 35. h5 Kh6 36. hxg6 Kxg6 37. f4 exf3 38. gxf3 Rb4 39. Ra6+ Kf7 40. Ra7+ Kf6 41. Ra6+ Kf7 42. Ra1 Kf6 43. Re1 Ra4 44. Rb1 Rc4 45. Rb6+ Kf7 46. f4 Re4 47. Kf3 g6 48. Rb3 Kf6 49. Kg3 Kf7 50. Kh4 Kf6 51. Rb6+ Kf7 52. Kg5 Rxe3 53. Rf6+ Ke7 54. Rxg6 Rf3 55. Ra6 Rc3 56. Kxf5 Rc5+ 57. Kg6 Rc1 58. Ra7+ Ke6 59. f5+ Ke5 60. Re7+ Kd6 61. Re2 Rg1+ 62. Kf7 Rf1 63. f6 Rf3 64. Kg7 Kd7 65. f7 Rg3+ 66. Kf8 Rf3 67. Ra2 Rg3 68. Ra7+ Ke6 69. Ke8 Rb3 70. Ra6+ Kf5 71. f8=Q+ 1-0


[Site "https://www.chess.com"]

[Event "Titled Tuesday Blitz May 23 Early 2023"]
[White "Khamdamova, Afruza"]
[Black "Dishman, Stephen"]
[WhiteFideId "14210444"]
[BlackFideId "403024"]
[WhiteElo "2312"]
[BlackElo "2204"]
[Result "0-1"]
[Round "08"]
[TimeControl "180+2"]
[Date "2023.05.23"]
[WhiteClock "0:00:00"]
[BlackClock "0:00:17"]

1. e4 d6 2. d4 Nf6 3. Nc3 e5 4. Nf3 Nbd7 5. Bc4 Be7 6. a4 O-O 7. O-O c6 8. Ba2 exd4 9. Nxd4 Ne5 10. Bf4 Ng6 11. Bg3 Re8 12. Re1 Bf8 13. Qd2 Qa5 14. Rad1 Bd7 15. f3 h6 16. Kh1 Nh5 17. Bf2 Qd8 18. Nf5 Bxf5 19. exf5 Ne5 20. Bd4 Qh4 21. Qf2 Qxf2 22. Bxf2 d5 23. Bd4 Bd6 24. b4 a6 25. b5 axb5 26. axb5 Nf6 27. Bb3 Ned7 28. bxc6 bxc6 29. Bf2 Rxe1+ 30. Bxe1 Nc5 31. Bh4 Nxb3 32. cxb3 Be5 33. Na4 Nd7 34. Bf2 Rb8 35. Rd3 Kf8 36. g3 Ke7 37. f4 Bf6 38. Nc5 Nxc5 39. Bxc5+ Kd7 40. g4 Ra8 41. Kg2 Ra2+ 42. Kg3 Rc2 43. Be3 Rc3 44. Rxc3 Bxc3 45. Kf3 Kd6 46. Ke2 d4 47. Bf2 Kd5 48. Kd3 c5 49. h4 Ba5 50. g5 h5 51. Bg3 f6 52. g6 Bc7 53. Bh2 Ba5 54. Bg1 Be1 55. Ke2 Bxh4 56. Kd3 Be1 57. Bh2 h4 58. Bg1 Bg3 59. Ke2 h3 0-1


[Site "https://www.chess.com"]

[Event "Titled Tuesday Blitz May 23 Early 2023"]
[White "Zampronha, Wladimir Camilo"]
[Black "Jovic, Stanoje"]
[WhiteFideId "2103087"]
[BlackFideId "905020"]
[WhiteElo "2176"]
[BlackElo "2236"]
[Result "0-1"]
[Round "08"]
[TimeControl "180+2"]
[Date "2023.05.23"]
[WhiteClock "0:00:00"]
[BlackClock "0:00:53"]

1. e4 c6 2. d4 d5 3. e5 c5 4. Nf3 Nc6 5. c4 Bg4 6. cxd5 Bxf3 7. Qxf3 Nxd4 8. Qe4 f5 9. Qd3 Qxd5 10. Bf4 g5 11. Nc3 Qe6 12. Bxg5 Qxe5+ 13. Be2 O-O-O 14. O-O Nxe2+ 15. Qxe2 Qxe2 16. Nxe2 Bg7 17. Rac1 b6 18. b4 Nf6 19. bxc5 b5 20. Nc3 a6 21. a4 b4 22. Na2 a5 23. Rfe1 Rhe8 24. Re6 Ne4 25. Bxe7 Rd2 26. f3 Ng5 27. Bxg5 Rxe6 28. Bxd2 Re2 29. Rd1 Bd4+ 30. Kh1 b3 31. Nc3 Rxd2 32. Rxd2 Bxc3 33. Rd1 Kc7 34. g4 fxg4 35. fxg4 Kc6 36. Kg2 Kxc5 37. Kf3 Kb4 38. Ke2 Kxa4 39. Kd3 Be5 40. h4 Kb4 41. g5 a4 42. Ke4 Bb2 43. h5 a3 44. g6 hxg6 45. hxg6 a2 0-1


[Site "https://www.chess.com"]

[Event "Titled Tuesday Blitz May 23 Early 2023"]
[White "Begunov, Konstantin"]
[Black "De Souza, Cristiano Gomes"]
[WhiteFideId "4118510"]
[BlackFideId "2151758"]
[WhiteElo "2050"]
[BlackElo "2068"]
[Result "1-0"]
[Round "08"]
[TimeControl "180+2"]
[Date "2023.05.23"]
[WhiteClock "0:02:34"]
[BlackClock "0:02:23"]

1. d4 Nf6 2. c4 g6 3. f3 Bg7 4. e4 d6 5. Nc3 O-O 6. Be3 Nc6 7. Nge2 a6 8. a3 Rb8 9. b4 b5 10. cxb5 axb5 11. d5 Ne5 12. Nd4 Bd7 13. Ncxb5 Bxb5 14. Bxb5 Nxe4 15. fxe4 Qc8 16. Be2 1-0


[Site "https://www.chess.com"]

[Event "Titled Tuesday Blitz May 23 Early 2023"]
[White "lluiss"]
[Black "KorolDimitriy75"]
[WhiteElo "2254"]
[BlackElo "2430"]
[Result "1/2-1/2"]
[Round "08"]
[TimeControl "180+2"]
[Date "2023.05.23"]
[WhiteClock "0:00:10"]
[BlackClock "0:00:17"]

1. Nf3 c5 2. c4 g6 3. d4 cxd4 4. Nxd4 Bg7 5. e4 Nc6 6. Be3 Nf6 7. Nc3 O-O 8. Be2 d6 9. O-O Bd7 10. f3 Nxd4 11. Bxd4 a5 12. Nd5 Nxd5 13. cxd5 a4 14. Bxg7 Kxg7 15. Qd4+ f6 16. Qb4 b5 17. Rfd1 Qb6+ 18. Qd4 Qxd4+ 19. Rxd4 Rfc8 20. Bd3 Rc5 21. Kf2 Rac8 22. Rb4 Kf7 23. Ke3 R8c7 24. a3 Rc8 25. b3 axb3 26. Rxb3 Ra8 27. Kd4 Ra4+ 28. Rb4 Ra5 29. Ra2 h5 30. h4 Kf8 31. Rb3 Ra4+ 32. Rb4 Ra5 33. Rb3 Ra4+ 34. Rb4 Ra5 1/2-1/2


[Site "https://www.chess.com"]

[Event "Titled Tuesday Blitz May 23 Early 2023"]
[White "Tarasova, Viktoriya"]
[Black "KSho99"]
[WhiteFideId "4175840"]
[WhiteElo "2182"]
[BlackElo "2171"]
[Result "1-0"]
[Round "08"]
[TimeControl "180+2"]
[Date "2023.05.23"]
[WhiteClock "0:01:03"]
[BlackClock "0:00:00"]

1. d4 e6 2. c4 f5 3. Nc3 Nf6 4. g3 d5 5. Bg2 c6 6. Nf3 Bd6 7. O-O O-O 8. e3 Ne4 9. Ne2 Nd7 10. b3 Ndf6 11. Bb2 Bd7 12. Ne5 Be7 13. h4 Be8 14. c5 Ng4 15. Qd3 Nxe5 16. dxe5 Nxc5 17. Qc2 Bh5 18. Nd4 Qd7 19. f3 Na6 20. a3 c5 21. Ne2 Rac8 22. Nf4 Bf7 23. h5 Nb8 24. g4 Nc6 25. gxf5 exf5 26. Bh3 Be6 27. Kh1 Bg5 28. Nxe6 Qxe6 29. f4 Be7 30. Rg1 Kh8 31. Rg3 Rf7 32. Rag1 Rg8 33. Qe2 Bh4 34. R3g2 d4 35. e4 Qh6 36. Bxf5 Qxf4 37. Be6 Nxe5 38. Bc1 Qf6 39. Bxf7 Qxf7 40. Rf1 Qxb3 41. Bf4 Qh3+ 42. Rh2 Qg4 43. Bxe5 Qxe2 44. Rxe2 d3 45. Rh2 1-0


[Site "https://www.chess.com"]

[Event "Titled Tuesday Blitz May 23 Early 2023"]
[White "Larina, Maria"]
[Black "Osinovsky, Stepan"]
[WhiteFideId "24113182"]
[BlackFideId "4157354"]
[WhiteElo "1848"]
[BlackElo "2222"]
[Result "1-0"]
[Round "08"]
[TimeControl "180+2"]
[Date "2023.05.23"]
[WhiteClock "0:00:23"]
[BlackClock "0:00:00"]

1. e4 e6 2. d4 d5 3. Nc3 Nc6 4. Be3 Bb4 5. e5 b6 6. Qg4 g6 7. Ne2 Ba6 8. h4 h5 9. Qg3 Nh6 10. O-O-O Nf5 11. Qf4 Na5 12. a3 Be7 13. Kb1 Nc4 14. Nc1 Nxh4 15. g4 Nxe3 16. fxe3 Bg5 17. Qf2 Bxf1 18. Rdxf1 Qe7 19. gxh5 Rxh5 20. Nb5 Kf8 21. Ne2 Kg7 22. Nf4 Rh6 23. Rh3 a6 24. Nc3 Rah8 25. Rfh1 Nf5 26. Rxh6 Rxh6 27. Rxh6 Bxh6 28. Nce2 Qh4 29. Qxh4 Nxh4 30. Kc1 g5 31. Nh5+ Kg6 32. Nf6 Kf5 33. Kd2 Nf3+ 34. Kd3 1-0


[Site "https://www.chess.com"]

[Event "Titled Tuesday Blitz May 23 Early 2023"]
[White "Vargas Rodriguez, Wilver"]
[Black "Dwilewicz, Katarzyna"]
[WhiteFideId "3509672"]
[BlackFideId "1148486"]
[WhiteElo "2246"]
[BlackElo "2065"]
[Result "0-1"]
[Round "08"]
[TimeControl "180+2"]
[Date "2023.05.23"]
[WhiteClock "0:00:00"]
[BlackClock "0:01:43"]

1. Nf3 b6 2. b3 Bb7 3. Bb2 Nf6 4. d3 d5 5. Nbd2 Nbd7 6. g3 e6 7. Bg2 Bd6 8. c4 O-O 9. cxd5 exd5 10. O-O c5 11. a3 d4 12. Nc4 Bc7 13. a4 a6 14. e4 dxe3 15. fxe3 b5 16. Na3 Re8 17. e4 Bc6 18. Rc1 Ne5 19. Nxe5 Bxe5 20. Bxe5 Rxe5 21. h3 Qd4+ 22. Kh2 Rd8 23. Rxf6 gxf6 24. axb5 axb5 25. Qg4+ Kh8 26. Qf3 Rg5 27. Nc2 Qe5 28. Rf1 Rg6 0-1


[Site "https://www.chess.com"]

[Event "Titled Tuesday Blitz May 23 Early 2023"]
[White "Sadubayev, Airat"]
[Black "Torres Dominguez, David"]
[WhiteFideId "13713264"]
[BlackFideId "2220857"]
[WhiteElo "2157"]
[BlackElo "1999"]
[Result "1/2-1/2"]
[Round "08"]
[TimeControl "180+2"]
[Date "2023.05.23"]
[WhiteClock "0:00:04"]
[BlackClock "0:00:06"]

1. d4 e5 2. dxe5 d6 3. exd6 Bxd6 4. Nf3 Bg4 5. Nc3 Nc6 6. Bg5 f6 7. Bh4 Qe7 8. e3 O-O-O 9. Bd3 Ne5 10. Nd5 Qf7 11. e4 Qh5 12. Nf4 Nxf3+ 13. gxf3 Bxf4 14. fxg4 Qxh4 15. Qf3 Qg5 16. h4 Qe5 17. O-O h5 18. Rad1 hxg4 19. Qxg4+ f5 20. exf5 Nf6 21. Qf3 Rxd3 22. Qxd3 c6 23. Rfe1 Qc7 24. Qe2 Bh2+ 25. Kg2 Bd6 26. Qe6+ Qd7 27. Qxd6 Qxd6 28. Rxd6 Rxh4 29. Rde6 Rg4+ 30. Kf3 Rg5 31. R6e5 Kc7 32. Re7+ Kb6 33. R7e5 Nd7 34. Re7 Nf6 35. Kf4 Rg4+ 36. Kf3 Rg5 1/2-1/2


[Site "https://www.chess.com"]

[Event "Titled Tuesday Blitz May 23 Early 2023"]
[White "Sokolov, Andrei"]
[Black "Jimenez Fernandez, Rebeca"]
[WhiteFideId "11600306"]
[BlackFideId "32070934"]
[WhiteElo "2473"]
[BlackElo "2008"]
[Result "1-0"]
[Round "08"]
[TimeControl "180+2"]
[Date "2023.05.23"]
[WhiteClock "0:00:02"]
[BlackClock "0:00:01"]

1. d4 d5 2. c4 c6 3. Nc3 Nf6 4. cxd5 cxd5 5. Bf4 e6 6. e3 Bd6 7. Bxd6 Qxd6 8. f4 O-O 9. Nf3 a6 10. Ne5 b5 11. a3 Bb7 12. Bd3 Ne4 13. O-O f6 14. Nf3 Nd7 15. Rc1 Nxc3 16. Rxc3 e5 17. fxe5 fxe5 18. Nxe5 Nxe5 19. dxe5 Qxe5 20. Bc2 Qg5 21. Qd3 g6 22. Bb3 Rxf1+ 23. Qxf1 Rf8 24. Qd1 Qf5 25. h3 Qf2+ 26. Kh2 Qxb2 27. Bxd5+ Bxd5 28. Qxd5+ Kh8 29. Qe5+ Kg8 30. Qe6+ Kh8 31. Qe7 Kg8 32. Rc7 Rf2 33. Qxh7+ Kf8 34. Qe7+ Kg8 35. Rc8+ 1-0


[Site "https://www.chess.com"]

[Event "Titled Tuesday Blitz May 23 Early 2023"]
[White "Bashirli, Saadat"]
[Black "Omariev, Maksim"]
[WhiteFideId "13429990"]
[BlackFideId "4193423"]
[WhiteElo "1408"]
[BlackElo "2465"]
[Result "0-1"]
[Round "08"]
[TimeControl "180+2"]
[Date "2023.05.23"]
[WhiteClock "0:00:00"]
[BlackClock "0:00:08"]

1. d4 h5 2. e3 h4 3. f4 a5 4. Nf3 a4 5. Bd3 h3 6. gxh3 d5 7. Ng5 Nf6 8. Qf3 c5 9. c3 Nc6 10. Nd2 g6 11. Rg1 Bf5 12. e4 dxe4 13. Ndxe4 Nxe4 14. Bxe4 Bxe4 15. Qxe4 Qd6 16. d5 Nb8 17. Be3 Nd7 18. c4 Bg7 19. Qc2 a3 20. Ne4 Qb6 21. Rb1 axb2 22. a4 Rxh3 23. d6 Rxe3+ 24. Kd2 Bd4 25. h4 Qb4+ 26. Kd1 Qxa4 27. dxe7 Rxe4 28. Qxa4 Rxa4 29. h5 gxh5 0-1


[Site "https://www.chess.com"]

[Event "Titled Tuesday Blitz May 23 Early 2023"]
[White "Thiel, Thomas"]
[Black "Akylbek2021"]
[WhiteFideId "4615964"]
[WhiteElo "2240"]
[BlackElo "2462"]
[Result "1/2-1/2"]
[Round "08"]
[TimeControl "180+2"]
[Date "2023.05.23"]
[WhiteClock "0:00:07"]
[BlackClock "0:01:39"]

1. e4 c5 2. Nc3 Nc6 3. Bb5 Nd4 4. Bc4 e6 5. Nge2 a6 6. d3 Nc6 7. O-O b5 8. Bb3 g6 9. f4 Bg7 10. f5 d6 11. fxe6 Bxe6 12. Bxe6 fxe6 13. Nf4 Qd7 14. Qg4 Nd4 15. Bd2 Nf6 16. Qh3 O-O 17. Rac1 Rae8 18. Nce2 Nxe2+ 19. Nxe2 d5 20. e5 Nh5 21. g4 Bxe5 22. gxh5 gxh5 23. Bf4 Bg7 24. c3 Qf7 25. d4 Qg6+ 26. Kh1 e5 27. dxe5 Kh8 28. Rce1 Qe4+ 29. Qf3 Qc2 30. Qxd5 Rd8 31. Qc6 Rd3 32. Qxc5 Rh3 33. Bg3 Qe4+ 34. Kg1 Rg8 35. Nf4 Qf5 36. Nxh3 Qxh3 37. e6 h4 38. Qe3 hxg3 39. hxg3 Bh6 40. Qe5+ Bg7 41. Qf4 Bh6 42. Qf6+ Bg7 43. Qf4 Bh6 44. Qf6+ Bg7 45. Qf4 1/2-1/2


[Site "https://www.chess.com"]

[Event "Titled Tuesday Blitz May 23 Early 2023"]
[White "Fiedorek, Michal"]
[Black "Martin, Lewis"]
[WhiteFideId "1199528"]
[BlackFideId "410551"]
[WhiteElo "2135"]
[BlackElo "2145"]
[Result "0-1"]
[Round "08"]
[TimeControl "180+2"]
[Date "2023.05.23"]
[WhiteClock "0:00:00"]
[BlackClock "0:00:51"]

1. e4 c5 2. Nf3 d6 3. d4 cxd4 4. Nxd4 Nf6 5. Bg5 Nxe4 6. Be3 Nc6 7. Bd3 d5 8. Nxc6 bxc6 9. Bxe4 dxe4 10. Nc3 Qxd1+ 11. Rxd1 f5 12. Bd4 e6 13. O-O Rg8 14. f3 exf3 15. Rxf3 Be7 16. Re1 Kf7 17. Na4 Rd8 18. c3 Rd5 19. Be5 Ba6 20. b3 Rad8 21. c4 Rd1 22. Kf2 R8d2+ 23. Re2 Rxe2+ 24. Kxe2 Rd7 25. g3 g6 26. Rf2 Bf6 27. Bxf6 Kxf6 28. Nc3 e5 29. Ke3 Rd4 30. Ne2 Re4+ 31. Kd2 h5 32. Rf3 Ke7 33. Kd3 c5 34. Kd2 Bb7 0-1


[Site "https://www.chess.com"]

[Event "Titled Tuesday Blitz May 23 Early 2023"]
[White "agvania123"]
[Black "Petrova, Irina"]
[BlackFideId "14124122"]
[WhiteElo "2235"]
[BlackElo "2084"]
[Result "1-0"]
[Round "08"]
[TimeControl "180+2"]
[Date "2023.05.23"]
[WhiteClock "0:00:35"]
[BlackClock "0:01:14"]

1. Nf3 d6 2. g3 e5 3. Bg2 Nc6 4. O-O f5 5. c4 Nf6 6. Nc3 g6 7. d3 Bg7 8. e4 O-O 9. h3 f4 10. Kh2 fxg3+ 11. fxg3 h6 12. Be3 Be6 13. Qd2 Kh7 14. Nd5 Qd7 15. Rf2 Ng8 16. Raf1 Rae8 17. b4 Nd8 18. b5 c6 19. Nc3 Nf7 20. a4 Ne7 21. a5 d5 22. cxd5 cxd5 23. Bc5 d4 24. Nd5 Bxd5 25. exd5 Rc8 26. Bxe7 Qxe7 27. Re1 Qd7 28. b6 axb6 29. axb6 Rc3 30. Rc1 Rfc8 31. Rff1 Nd6 32. Rxc3 Rxc3 33. Rc1 Rxc1 34. Qxc1 Nf5 35. Nd2 Ne3 36. Ne4 Nxg2 37. Kxg2 Qxd5 38. Qc7 Kg8 39. Kf2 Bf8 40. Nf6+ 1-0


[Site "https://www.chess.com"]

[Event "Titled Tuesday Blitz May 23 Early 2023"]
[White "Antonova, Nadezhda"]
[Black "Kotepalli, Sai Nirupama"]
[WhiteFideId "14700182"]
[BlackFideId "5039444"]
[WhiteElo "1799"]
[BlackElo "2352"]
[Result "0-1"]
[Round "08"]
[TimeControl "180+2"]
[Date "2023.05.23"]
[WhiteClock "0:00:00"]
[BlackClock "0:00:05"]

1. Nf3 g6 2. d4 Bg7 3. g3 d6 4. Bg2 Nf6 5. b3 O-O 6. Bb2 c5 7. O-O Nc6 8. c4 cxd4 9. Nxd4 Nxd4 10. Bxd4 Qc7 11. Nc3 Be6 12. Qd2 a6 13. Rac1 Rac8 14. Rfd1 Qd7 15. Nd5 Bxd5 16. cxd5 Rxc1 17. Rxc1 Rc8 18. Rc3 Re8 19. Qc1 e5 20. Rc7 Qb5 21. Ba1 Nxd5 22. Rc8 Rxc8 23. Qxc8+ Bf8 24. Qc4 Qxc4 25. bxc4 Nb4 26. Bxb7 Nxa2 27. Bxa6 Nc1 28. Kf1 Nb3 29. Bc3 Kg7 30. Bb7 Kf6 31. Bd5 Nc5 32. Ke1 Ke7 33. Kd2 f5 34. e3 Bh6 35. Bb4 Na6 36. Ba5 f4 37. exf4 exf4 38. Ke2 fxg3 39. hxg3 Bg7 40. f4 Nc5 41. Kf3 Nb3 42. Be1 Nd4+ 43. Kg4 Bf6 44. Kh3 Nc2 45. Bf2 Bc3 46. g4 Bb4 47. Bg3 h6 48. Bh4+ Kf8 49. f5 gxf5 50. gxf5 Ne3 51. Kg3 Nxf5+ 52. Kg4 Ne3+ 53. Kh5 Nxd5 54. cxd5 Bd2 55. Bg3 Ke7 56. Bh4+ Kd7 57. Bf6 Kc7 58. Kg6 Kb6 59. Kf5 Kc5 60. Ke6 h5 61. Be7 Bf4 62. Bh4 Bh2 63. Be7 Bg3 64. Bg5 h4 65. Be3+ Kc4 0-1


[Site "https://www.chess.com"]

[Event "Titled Tuesday Blitz May 23 Early 2023"]
[White "Hinds, Nathan"]
[Black "Floresvillar Gonzalez, Luis Migu"]
[WhiteFideId "7400730"]
[BlackFideId "5100542"]
[WhiteElo "2001"]
[BlackElo "2040"]
[Result "1-0"]
[Round "08"]
[TimeControl "180+2"]
[Date "2023.05.23"]
[WhiteClock "0:00:13"]
[BlackClock "0:00:00"]

1. Nf3 d5 2. c4 c6 3. g3 Nf6 4. Bg2 Bg4 5. d4 e6 6. O-O Nbd7 7. b3 dxc4 8. bxc4 Bd6 9. Nc3 O-O 10. e4 Bb4 11. Qb3 Bxc3 12. Qxc3 Nxe4 13. Qc2 f5 14. Bf4 Bxf3 15. Bxf3 Ndf6 16. Rfd1 Qb6 17. Rab1 Qa6 18. Qb3 Rf7 19. d5 exd5 20. cxd5 Nxd5 21. Rxd5 cxd5 22. Qxd5 Re8 23. Bh5 g6 24. Bf3 Qe6 25. Qa5 b6 26. Qb4 h5 27. h4 Qe7 28. Qb2 Qf6 29. Qb3 Kh7 30. Re1 Rfe7 31. Rd1 Qf7 32. Qb2 Nf6 33. Rd6 Re6 34. Rd4 Re1+ 35. Kg2 R1e7 36. Bg5 Rd7 37. Rxd7 Nxd7 38. Qd4 Nc5 39. Bd5 Qg7 40. Qc4 Nd7 41. Bf3 Ne5 42. Bd5 Nxc4 43. Bxc4 Re6 44. Bb3 Rd6 45. Bc4 Rd7 46. Be2 a5 47. Bf3 b5 48. Bf4 b4 49. Bc1 1-0


[Site "https://www.chess.com"]

[Event "Titled Tuesday Blitz May 23 Early 2023"]
[White "Guevara Sanchez, Erick Marvin"]
[Black "littlepillow2010"]
[WhiteFideId "6700136"]
[WhiteElo "2040"]
[BlackElo "2340"]
[Result "0-1"]
[Round "08"]
[TimeControl "180+2"]
[Date "2023.05.23"]
[WhiteClock "0:00:18"]
[BlackClock "0:00:23"]

1. e4 e6 2. d4 d5 3. Nc3 Bb4 4. e5 c5 5. a3 Bxc3+ 6. bxc3 Qc7 7. Bd2 Ne7 8. a4 Nbc6 9. Ne2 Bd7 10. Nf4 g6 11. h4 cxd4 12. cxd4 Nxd4 13. Bd3 Qxe5+ 14. Ne2 Nxe2 15. Bxe2 Nf5 16. h5 Nd4 17. hxg6 Nxc2+ 18. Qxc2 Qxa1+ 19. Bd1 Qe5+ 20. Be2 fxg6 21. Qc5 Rc8 22. Qxa7 O-O 23. Qxb7 Rc7 24. Qb3 Rfc8 25. Qb1 Bxa4 26. Rh3 Bc2 27. Qa2 Bf5 28. g4 Bxg4 29. Re3 Qd4 30. Qa6 Rc1+ 31. Bxc1 Rxc1+ 32. Bd1 Qxd1# 0-1


[Site "https://www.chess.com"]